 Dungeon Crawl Stone Soup version 0.26-a0-665-gefeb406119 (webtiles) character file.

Game seed: 17724986924822755470

5748 marklar909 the Carver (level 11, 0/87 HPs)
             Began as a Formicid Abyssal Knight on Oct 13, 2020.
             Was an Elder of Lugonu.
             Slain by a troll (12 damage)
             ... on level 9 of the Dungeon.
             The game lasted 00:27:33 (12214 turns).

marklar909 the Carver (Formicid Abyssal Knight)    Turns: 12214, Time: 00:27:34

Health: 0/87       AC: 10    Str: 21    XL:     11   Next: 5%
Magic:  15/15      EV: 14    Int: 11    God:    Lugonu [****..]
Gold:   423        SH:  4    Dex: 10    Spells: 10/10 levels left

rFire    + . .     SeeInvis +   A - +1 great sword
rCold    + . .     Faith    .   J - +0 buckler
rNeg     . . .     Spirit   .   I - +3 scale mail {rF+}
rPois    .         Reflect  .   (helmet unavailable)
rElec    .         Harm     .   C - scarf {repulsion}
rCorr    .         Rampage  .   (no gloves)
MR       +....                  (no boots)
Stlth    ..........             (no amulet)
HPRegen  0.24/turn              q - ring of protection from cold
MPRegen  0.14/turn              h - +4 ring of evasion

@: repel missiles
A: permanent stasis, dig shafts and tunnels, four strong arms, antennae 3
a: Dig, Shaft Self, Depart the Abyss, Bend Space, Banish, Corrupt, Renounce
Religion


You were on level 9 of the Dungeon.
You worshipped Lugonu.
Lugonu was greatly pleased with you.
You visited 1 branch of the dungeon, and saw 10 of its levels.
You visited the Abyss 1 time.
You also visited: Sewer.

You collected 543 gold pieces.
You spent 120 gold pieces at shops.

Inventory:

Hand Weapons
 a - a +1 falchion
 A - a +1 great sword (weapon)
Missiles
 l - 9 poisoned darts
 m - 256 stones
 H - 3 boomerangs (quivered)
Armour
 i - a cursed +0 leather armour
 C - a scarf of repulsion (worn)
 D - a +0 cloak
 I - a +3 scale mail of fire resistance (worn)
 J - a +0 buckler (worn)
Jewellery
 d - a +6 ring of dexterity
 h - a +4 ring of evasion (right hand)
 q - a ring of protection from cold (left hand)
 z - an uncursed ring of protection from magic
 B - a +4 ring of slaying {unknown}
 G - an uncursed ring of positive energy {unknown}
 L - a cursed ring of teleportation {unknown}
Wands
 p - a wand of iceblast (13)
 y - a wand of flame (9)
 E - a wand of acid (5)
 F - a wand of digging (11)
Scrolls
 c - 9 scrolls of remove curse
 g - 7 scrolls of identify
 j - 4 scrolls of enchant armour
 n - a scroll of amnesia
 w - 2 scrolls of immolation
Potions
 b - 4 potions of heal wounds
 k - 3 potions of resistance
 r - 5 potions of flight
 t - 5 potions of curing
 v - a potion of brilliance
 x - a potion of stabbing


   Skills:
 * Level 8.4 Fighting
 * Level 10.8 Long Blades
 + Level 4.1 Throwing
 * Level 5.9 Armour
 * Level 2.4 Dodging
 + Level 2.1 Stealth
 + Level 2.1 Shields
 * Level 6.3 Invocations
 + Level 1.0 Evocations


You had 10 spell levels left.
You didn't know any spells.
Your spell library was empty.

Dungeon Overview and Level Annotations

Branches:
Dungeon (10/15)            Temple (0/1) D:5           Sewer (visited)
   Lair: D:8-11         Orc: D:9-12

Altars:
Ashenzari
Elyvilon
Fedhas
Gozag
Nemelex Xobeh
Okawaru
Qazlal
Ru
Sif Muna
Uskayaw
Wu Jian
Xom
The Shining One

Shops:
D:7 !

Annotations:
D:3 1 runed translucent door, Crazy Yiuf
D:10 Maurice


Innate Abilities, Weirdness & Mutations

You cannot be hasted, slowed, berserked, paralysed or teleported.
You can dig through walls and to a lower floor.
Your four strong arms can wield two-handed weapons with a shield.
You have a pair of large antennae on your head. (SInv)


Message History

You block the troll's attack. The troll claws you!
Unknown command.
You feel much better.
The troll misses you. x2; The troll claws you.
You hit the troll.
The troll is severely wounded.
The troll bites you! The troll claws you. The troll barely misses you.
You hit the troll but do no damage.
The troll is heavily wounded.
The troll bites you but does no damage. The troll claws you.
The troll claws you!
* * * LOW HITPOINT WARNING * * *
The troll bites you.
* * * LOW HITPOINT WARNING * * *
The troll claws you!
* * * LOW HITPOINT WARNING * * *
The troll claws you but does no damage.
You slash the troll!
The troll is almost dead.
The troll bites you!
You die...

### #### #.# #..#
#.## #..# #..# #.<#
#..# #### #..#
##.####..# #..# #
#..#....###).# ### #
#...)........####.. #
##.@?.......##...#=8
#
##..T......####...#8_
## ##..........#
##..#.8 .##
##...........# #..#..
..# ##............#
##.### ..##
##............##
#.... ...#
#.............# #....
...## #.............#
#.... ....#
##............##
##...


You could see a troll.

Vanquished Creatures
  Erolcha (D:9)
  An unseen horror (D:9)
  Grinder (D:5)
  Sigmund (D:3)
  A wraith (D:9)
  Grum (D:8)
  2 ice beasts
  2 orc warriors
  3 sky beasts
  A phantom (D:4)
  A necrophage (D:9)
  3 ogres
  4 centaurs
  2 wolves (D:7)
  3 big kobolds
  2 bullfrogs
  A wyvern skeleton (D:8)
  4 scorpions
  A water moccasin skeleton (D:6)
  4 howler monkeys
  3 hounds
  4 jellies
  3 orc priests
  2 centaur zombies
  2 centaur skeletons
  A bullfrog skeleton (D:9)
  3 iguanas
  7 worker ants
  5 orc wizards
  2 hound zombies (D:6)
  A hound skeleton (D:4)
  Robin (D:3)
  A howler monkey skeleton (D:6)
  7 gnolls
  5 adders
  A river rat (Sewer)
  2 shadow imps
  2 white imps
  2 ufetubi
  An ooze (D:1)
  An adder skeleton (D:7)
  5 worms
  A dart slug (D:2)
  2 leopard geckos
  24 orcs
  2 bats
  6 giant cockroaches
  17 goblins
  9 hobgoblins
  11 jackals
  5 quokkas
  A ball python (D:1)
  7 frilled lizards
  A jackal zombie (D:5)
  17 kobolds
  A leopard gecko skeleton (D:4)
  15 rats
219 creatures vanquished.

Vanquished Creatures (others)
  An adder skeleton (D:8)
  A leopard gecko (D:8)
  A giant cockroach (D:8)
  A quokka (D:8)
4 creatures vanquished.

Grand Total: 223 creatures vanquished

Notes
Turn   | Place    | Note
-------+----------+-------------------------------------------
     0 | Abyss:1  | marklar909 the Formicid Abyssal Knight began the quest for
                  | the Orb.
     0 | Abyss:1  | Reached XP level 1. HP: 18/18 MP: 2/2
     2 | Abyss:1  | Found a corrupted altar of Lugonu.
    52 | Abyss:1  | Noticed a large abomination
    53 | D:1      | Escaped the Abyss
   253 | D:1      | Reached XP level 2. HP: 20/24 MP: 3/3
   514 | D:1      | Reached * piety under Lugonu
   630 | D:1      | Reached XP level 3. HP: 18/30 MP: 4/4
  1311 | D:2      | Reached skill level 1 in Dodging
  1509 | D:2      | Reached XP level 4. HP: 37/37 MP: 5/5
  1568 | D:2      | Found an ornate altar of the Wu Jian Council.
  1794 | D:2      | Reached ** piety under Lugonu
  2084 | D:3      | Reached skill level 3 in Long Blades
  2148 | D:3      | Noticed Sigmund
  2200 | D:3      | Found an iron altar of Okawaru.
  2368 | D:3      | Reached skill level 1 in Throwing
  2585 | D:3      | Found a broken altar of Ashenzari.
  2648 | D:3      | Killed Sigmund
  2648 | D:3      | Reached XP level 5. HP: 29/43 MP: 5/7
  2648 | D:3      | Reached XP level 6. HP: 33/49 MP: 5/8
  2839 | D:3      | Noticed Robin
  2976 | D:3      | Killed Robin
  3107 | D:3      | Found a runed translucent door.
  3108 | D:3      | Noticed Crazy Yiuf
  3869 | D:4      | Found a glowing drain.
  3913 | D:4      | Reached skill level 4 in Long Blades
  3924 | Sewer    | Entered a sewer
  4119 | Sewer    | Reached XP level 7. HP: 40/55 MP: 9/9
  4239 | Sewer    | Found a white marble altar of Elyvilon.
  4369 | D:4      | Reached skill level 5 in Fighting
  4369 | D:4      | Reached skill level 5 in Long Blades
  4938 | D:5      | Entered Level 5 of the Dungeon
  4938 | D:5      | Found a blossoming altar of Fedhas.
  4970 | D:5      | Found a staircase to the Ecumenical Temple.
  5082 | D:5      | Reached XP level 8. HP: 47/62 MP: 10/10
  5284 | D:5      | Noticed Grinder
  5299 | D:5      | Killed Grinder
  5552 | D:5      | Found an opulent altar of Gozag.
  5554 | D:5      | Found a sparkling altar of Nemelex Xobeh.
  5614 | D:5      | Found a hide-covered altar of Uskayaw.
  5697 | D:6      | Reached *** piety under Lugonu
  5829 | D:6      | Reached skill level 6 in Long Blades
  6077 | D:6      | Noticed a water elemental
  6079 | D:6      | Found a stormy altar of Qazlal.
  6082 | D:6      | Noticed a fire elemental
  6082 | D:6      | Noticed an air elemental
  6143 | D:6      | Reached XP level 9. HP: 57/69 MP: 12/12
  6154 | D:6      | Reached skill level 1 in Evocations
  6171 | D:6      | Reached skill level 7 in Long Blades
  6234 | D:6      | Reached skill level 1 in Stealth
  6441 | D:6      | Found a sacrificial altar of Ru.
  6609 | D:6      | Reached skill level 5 in Invocations
  7128 | D:7      | Found a glowing golden altar of the Shining One.
  7440 | D:7      | Found Dufaexos's Distillery.
  7449 | D:7      | Reached skill level 8 in Long Blades
  7472 | D:7      | Bought a potion of heal wounds for 75 gold pieces
  7472 | D:7      | Bought a potion of curing for 45 gold pieces
  7521 | D:7      | Reached **** piety under Lugonu
  8568 | D:8      | Noticed Grum
  8916 | D:8      | Killed Grum
  9235 | D:8      | Reached skill level 5 in Armour
  9235 | D:8      | Reached XP level 10. HP: 69/77 MP: 14/14
  9247 | D:8      | Reached skill level 9 in Long Blades
  9531 | D:8      | Found a shimmering altar of Xom.
  9698 | D:8      | Found a white marble altar of Elyvilon.
  9801 | D:8      | Found a shimmering blue altar of Sif Muna.
 10524 | D:8      | Noticed a manticore
 10532 | D:8      | Banished a manticore
 10849 | D:9      | Noticed Erolcha
 10860 | D:9      | Killed Erolcha
 10860 | D:9      | Reached skill level 10 in Long Blades
 11014 | D:9      | Noticed an unseen horror
 11019 | D:9      | Killed an unseen horror
 11156 | D:9      | Reached skill level 1 in Shields
 11369 | D:9      | Reached XP level 11. HP: 85/85 MP: 15/15
 11983 | D:9      | Found an iron altar of Okawaru.
 12200 | D:10     | Entered Level 10 of the Dungeon
 12200 | D:10     | Noticed Maurice
 12214 | D:9      | Slain by a troll

Illustrated notes

Levels and vault maps discovered:
D:1:      scummos_arrival_forest, layout_loops_cross,
          hangedman_decor_peaks_small, chequers_serial_rivers_micro_b
D:2:      layout_rooms, old_standard_altar
D:3:      layout_loops_ring, lemuel_doored_altar, ashenzari_altar_1,
          uniq_sigmund, uniq_crazy_yiuf_cottage, uniq_robin
D:4:      layout_cave_pools, gup_sewer_entry_glass
D:5:      layout_loops_ring, grunt_temple_overflow_opulence,
          lemuel_coloured_pillars_altar, minmay_temple_entry_junction,
          fedhas_altar_2, uniq_grinder
D:6:      layout_loops_ring, nicolae_qazlal_style_of_elements,
          kennysheep_mini_moat
D:7:      layout_loops_ring, nicolae_overflow_crystal_walls, serial_shops,
          kennysheep_little_box
D:8:      layout_basic, elyvilon_altar_4, led_sif_book, xom_confusion_cloud,
          minmay_small_thing, uniq_grum
D:9:      layout_cave_pods, kennysheep_okawaru_gauntlet, uniq_erolcha
D:10:     layout_roguey, zombieorc1_lemuel, uniq_maurice, uniq_snorg

Skill      XL: |  1  2  3  4  5  6  7  8  9 10 11 |
---------------+----------------------------------+-----
Fighting       | 4 5 6 8 |  8.4
Dodging        | 1 2 |  2.4
Long Blades    | 3 4 5 6 8 10 | 10.8
Throwing       | 2 3 4 |  4.1
Invocations    | 3 4 5 6 |  6.3
Armour         | 3 4 5 |  5.9
Evocations     | 1 |  1.0
Stealth        | 1 2 |  2.1
Shields        | 1 2 |  2.1

Action                   |  1- 3 |  4- 6 |  7- 9 | 10-12 || total
-------------------------+-------+-------+-------+-------++-------
Melee: Falchion          |    70 |   167 |   171 |       ||   408
       Great sword       |       |       |   145 |   145 ||   290
Throw: Stone             |    31 |       |    37 |       ||    68
       Dart              |     1 |     5 |     8 |     3 ||    17
       Boomerang         |     6 |    44 |    42 |     8 ||   100
Invok: Depart the Abyss  |     1 |       |       |       ||     1
       Bend Space        |       |     1 |       |       ||     1
       Banish            |       |       |       |     1 ||     1
 Abil: Dig               |       |       |       |     3 ||     3
Evoke: Wand              |       |       |     7 |     1 ||     8
  Use: Scroll            |       |     8 |     7 |     6 ||    21
       Potion            |       |       |       |     1 ||     1
Armor: Leather armour    |    21 |     5 |       |       ||    26
       Ring mail         |       |    68 |    84 |       ||   152
       Scale mail        |       |       |    13 |    47 ||    60
Dodge: Dodged            |    51 |   113 |   238 |   121 ||   523
Block: Buckler           |       |       |       |    27 ||    27
       Rpst.: Falchion   |    12 |    37 |    36 |       ||    85
       Great sword       |       |       |    44 |    29 ||    73

Table legend: (Time is in decaauts)
 A = Elapsed time spent in this place.
 B = Non-inter-level travel time spent in this place.
 C = Inter-level travel time spent in this place.
 D = Time resting spent in this place.
 E = Time spent auto-exploring this place.
 F = Levels seen in this place.
 G = Mean time per level.
                   A        B        C        D        E       F      G
               +--------+--------+--------+--------+--------+-----+--------+
         Total |  12387 |  11729 |    658 |   2735 |   6704 |  12 | 1032.2 |
       Dungeon |  11943 |  11285 |    658 |   2613 |   6480 |  10 | 1194.3 |
         Abyss |     53 |     53 |      0 |      0 |     44 |   1 |   53.0 |
         Sewer |    391 |    391 |      0 |    122 |    180 |   1 |  391.0 |
               +--------+--------+--------+--------+--------+-----+--------+

Top non-repeatable levels by time:
     D:7: 1882 daAuts
     D:8: 1786 daAuts
     D:3: 1682 daAuts
     D:6: 1452 daAuts
     D:9: 1381 daAuts
     D:1: 1257 daAuts
     D:2: 888 daAuts
     D:5: 852 daAuts
     D:4: 757 daAuts
   Sewer: 391 daAuts
 Abyss:1: 53 daAuts
    D:10: 3 daAuts
